 Dungeon Crawl Stone Soup version 0.30.1-9-gdf580d7c3d (webtiles) character file.

Game seed: 16308118591295736537

140 safid the Chiller (level 5, 0/40 HPs)
             Began as a Merfolk Ice Elementalist on Sept 27, 2023.
             Slain by a bullfrog (1 damage)
             ... in a sewer.
             The game lasted 00:02:39 (2173 turns).

safid the Chiller (Merfolk Ice Elementalist)        Turns: 2173, Time: 00:02:40

Health: 0/40       AC:  3    Str:  8    XL:     5   Next: 23%
Magic:  9/9        EV: 15    Int: 16    God:
Gold:   87         SH:  0    Dex: 15    Spells: 3/10 levels left

rFire   . . .        e - +0 whip
rCold   . . .        (no shield)
rNeg    . . .        a - +0 robe
rPois   .            (no helmet)
rElec   .            (no cloak)
rCorr   .            l - +0 pair of gloves
SInv    .            (boots currently unavailable)
Will    .....        (no amulet)
Stlth   +++          (no ring)
HPRegen 0.26/turn    (no ring)
MPRegen 0.11/turn

%: no passive effects
@: lethally poisoned (0 -> -1), very quick
A: nimble swimmer 2, mertail
a: no special abilities


You were in a sewer.
You visited 1 branch of the dungeon, and saw 3 of its levels.
You also visited: Sewer.

You collected 87 gold pieces.

Inventory:

Hand Weapons
 e - a +0 whip (weapon)
Armour
 a - a +0 robe (worn)
 l - a +0 pair of gloves (worn)
Scrolls
 f - a scroll of noise {unknown}
 g - 2 scrolls of vulnerability {unknown}
 h - a scroll of brand weapon {unknown}
 i - a scroll of acquirement {unknown}
 j - a scroll of immolation {unknown}
 m - 2 scrolls of identify {unknown}
 o - a scroll of blinking {unknown}
 p - a scroll of torment {unknown}
Potions
 b - a potion of magic
 c - 2 potions of curing {unknown}
 d - a potion of degeneration {unknown}
 k - a potion of attraction {unknown}
 n - 2 potions of mutation {unknown}


   Skills:
 + Level 2.8 Fighting
 - Level 2.6 Dodging
 - Level 2.1 Stealth
 + Level 3.2 Spellcasting
 + Level 5.3 Ice Magic


You had 3 spell levels left.
You knew the following spells:

 Your Spells              Type           Power      Damage    Failure   Level
a - Freeze                Ice            76%        1d8       1%          1
b - Frozen Ramparts       Ice            38%        1d6       6%          3
c - Ozocubu's Armour      Ice            19%        N/A       6%          3

Your spell library contained the following spells:

 Spells                   Type           Power      Damage    Failure   Level
 Summon Ice Beast         Ice/Summ       11%        N/A       52%         4


Dungeon Overview and Level Annotations

Branches:
Dungeon (3/15)              Sewer (1/1)

Altars:


Innate Abilities, Weirdness & Mutations

You are very nimble when in or above water. (Stealth+, EV+, Speed+++)
Your lower body shifts to a powerful aquatic tail in water.


Message History

An adder and a bullfrog come into view.
Found a runed falchion and a book of Chaos.
The bullfrog gives a loud, deep croak!
The adder hisses angrily.
The frilled lizard hisses angrily.
Found a glowing mace, 22 gold pieces and a scroll labelled XUENEL ASUGAQI.
The quokka misses you.
You closely miss the quokka.
The bullfrog gives a loud, deep croak!
The quokka barely misses you. The bullfrog closely misses you.
The quokka closely misses you.
You barely miss the bullfrog.
Your tail-slap misses the bullfrog.
The quokka misses you. The bullfrog closely misses you. The adder bites you.
The quokka splashes around in the water.
You barely miss the bullfrog. The bullfrog misses you.
The quokka closely misses you. The adder completely misses you.
The quokka closely misses you. The bullfrog hits you.
The quokka splashes around in the water.
The adder misses you.
You hit the bullfrog.
The bullfrog is lightly wounded.
The bullfrog hits you. The quokka closely misses you.
The bullfrog hits you but does no damage.
The adder barely misses you. The quokka closely misses you.
The bullfrog hits you. The quokka closely misses you. The bullfrog hits you.
You barely miss the bullfrog.
Your tail-slap misses the bullfrog.
The bullfrog is lightly wounded.
The adder bites you but does no damage. The bullfrog hits you!
The quokka splashes around in the water.
The bullfrog barely misses you. The quokka closely misses you.
The adder bites you.
You are poisoned.
The adder poisons you! The frilled lizard barely misses you.
Unknown command.
You feel sick. The bullfrog closely misses you. The bullfrog barely misses you.
You feel sick. The bullfrog hits you.
* * * LOW HITPOINT WARNING * * *
The bullfrog hits you!
* * * LOW HITPOINT WARNING * * *
The bullfrog hits you.
You die...

###################
..~~~~..~.........#
~~~~~~†~~~~~~~~~~.#
≈≈≈≈≈≈≈†≈≈≈≈≈≈≈≈~.#
~~~~~~~†≈≈≈≈≈~≈~~~#
~..~~~~≈≈≈≈≈~.~~.~#
.~~~~≈~@≈########~#
.≈≈≈≈≈≈F≈≈## #†#
~≈≈≈≈≈lFS≈≈# #~#
~≈≈≈≈~≈≈≈r≈# #~#
~≈≈≈~≈≈rr~≈≈# #~#
~≈≈~.≈~~.∩~≈# #~#
≈~≈~...~.~≈≈# #~#
≈~≈~~~~.~≈≈≈≈# #.#
### ~≈≈.~~~~≈≈≈≈≈#
#.#


You could see 2 bullfrogs, an adder, 3 quokkas and a frilled lizard.

Vanquished Creatures
  8 adders
  A worm (D:3)
  2 dart slugs
  An orc (D:3)
  7 ball pythons
  2 endoplasms
  6 giant cockroaches
  2 goblins
  2 hobgoblins
  9 jackals
  3 quokkas
  4 bats
  9 frilled lizards
  3 kobolds
  A rat (D:2)
60 creatures vanquished.

Notes
Turn   | Place    | Note
-------+----------+-------------------------------------------
     0 | D:1      | safid the Merfolk Ice Elementalist began the quest for the
                  | Orb.
     0 | D:1      | Reached XP level 1. HP: 13/13 MP: 3/3
   286 | D:1      | Reached XP level 2. HP: 20/20 MP: 5/5
   413 | D:1      | Reached skill level 1 in Fighting
   894 | D:2      | Reached XP level 3. HP: 11/26 MP: 2/6
  1370 | D:2      | Reached skill level 5 in Ice Magic
  1370 | D:2      | Reached XP level 4. HP: 17/33 MP: 6/8
  1469 | D:2      | Learned a level 3 spell: Frozen Ramparts
  1473 | D:2      | Learned a level 3 spell: Ozocubu's Armour
  1534 | D:2      | Found a faded altar of an unknown god.
  1803 | D:3      | Found a glowing drain.
  1815 | Sewer    | Entered a sewer
  2007 | Sewer    | Reached XP level 5. HP: 36/39 MP: 9/9
  2172 | Sewer    | HP: 1/40 [bullfrog (7)]
  2173 | Sewer    | Slain by a bullfrog

Illustrated notes

Levels and vault maps discovered:
D:1:      tarquinn_simple_flora_water_a, layout_loops_ring
D:2:      layout_basic, shapermc_ecumenical_altar_mp_vishouse
D:3:      layout_rooms, portal_sewer_entry_d
Sewer:    sewer_frog_island_01

Skill      XL: |  1  2  3  4 |
---------------+-------------+-----
Fighting       | 1 2 |  2.8
Ice Magic      | 5 |  5.3
Spellcasting   | 3 |  3.2
Dodging        | |  2.6
Stealth        | |  2.1

Action                     |  1- 3 |  4- 6 || total
---------------------------+-------+-------++-------
  Melee: Whip              |   107 |    85 ||   192
         Unarmed           |     3 |       ||     3
         Punch             |     1 |     1 ||     2
         Tailslap          |       |     5 ||     5
   Cast: Freeze            |    22 |    33 ||    55
   Stab: Sleeping          |     9 |     6 ||    15
 Armour: Robe              |    25 |    23 ||    48
  Dodge: Dodged            |    98 |    85 ||   183
